 Dungeon Crawl Stone Soup version 0.23.1-37-gaa34b87b72 (webtiles) character file.

Game seed: 16898889245039523776

2660 PikkenKukken the Grappler (level 9, -4/85 HPs)
             Began as a Troll Earth Elementalist on Mar 26, 2019.
             Slain by an orc warrior
             ... wielding a +0 short sword
              (12 damage)
             ... on level 8 of the Dungeon.
             The game lasted 00:11:08 (7096 turns).

PikkenKukken the Grappler (TrEE)                    Turns: 7096, Time: 00:11:09

Health: -4/85      AC:  7    Str: 18    XL:     9   Next: 36%
Magic:  0/9        EV: 11    Int: 14    God:
Gold:   342        SH:  0    Dex: 10    Spells: 9/10 levels left

rFire    . . .     SeeInvis .     - Unarmed
rCold    . . .     Gourm    +   (no shield)
rNeg     . . .     Faith    .   c - +1 robe
rPois    .         Spirit   +   (helmet restricted)
rElec    .         Reflect  .   (no cloak)
rCorr    +         Harm     .   (gloves unavailable)
MR       .....                  (boots unavailable)
Stlth    ++........             i - amulet of guardian spirit
HPRegen  0.64/turn              u - ring of stealth
MPRegen  0.11/turn              l - ring of resist corrosion

@: heavily drained
A: large, unfitting armour, claws 3, fast metabolism 3, gourmand, regeneration
1, shaggy fur 1, tough skin 3
a: no special abilities


You were on level 8 of the Dungeon.
You were full.

You visited 2 branches of the dungeon, and saw 9 of its levels.

You collected 342 gold pieces.

Inventory:

Missiles
 b - 229 stones
 o - 8 tomahawks (quivered)
 q - 3 javelins
Armour
 c - a +1 robe (worn)
Jewellery
 h - a +1 ring of evasion
 i - an amulet of guardian spirit (around neck)
 l - a ring of resist corrosion (right claw)
 t - an uncursed ring of positive energy
 u - a ring of stealth (left claw)
Wands
 e - a wand of disintegration (13)
 r - a wand of polymorph (11)
 s - a wand of random effects (6)
 v - a wand of paralysis (9)
 z - a wand of flame (17)
Scrolls
 f - a scroll of teleportation
 j - 4 scrolls of identify
 m - 2 scrolls of blinking
 n - a scroll of magic mapping
 p - a scroll of enchant armour
 y - a scroll of remove curse
Potions
 a - a potion of might
 g - 2 potions of invisibility
 k - 3 potions of haste
 x - a potion of curing
Comestibles
 d - 10 rations


   Skills:
 + Level 4.5(3.1) Fighting
 + Level 5.0(3.6) Throwing
 + Level 5.0(3.6) Dodging
 - Level 1.0(0.0) Stealth
 * Level 8.1(6.5) Unarmed Combat
 - Level 1.2(0.0) Spellcasting
   Level 0.6(0.0) Transmutations
 - Level 2.6(1.3) Earth Magic


You had 9 spell levels left.
You knew the following spells:

 Your Spells              Type           Power        Failure   Level  Hunger
a - Sandblast             Erth           #.....       17%         1    ##.....

Your spell library contained the following spells:

 Spells                   Type           Power        Failure   Level  Hunger
 Magic Dart               Conj           #...         28%         1    ##.....
 Passwall                 Tmut/Erth      #.......     32%         2    ###....
 Blink                    Tloc           N/A          41%         2    ###....
 Call Imp                 Summ           #.......     41%         2    ###....
 Slow                     Hex            #.......     41%         2    ###....
 Stone Arrow              Conj/Erth      #.....       54%         3    ####...
 Conjure Flame            Conj/Fire      #.......     65%         3    ####...
 Mephitic Cloud           Conj/Pois/Air  #.......     65%         3    ####...
 Petrify                  Tmut/Erth      #.......     91%         4    #####..
 Lee's Rapid Deconstruct  Erth           #.........   99%         5    ######.


Dungeon Overview and Level Annotations

Branches:
Dungeon (8/15)             Temple (1/1) D:4
   Lair: D:8-11

Altars:
Ashenzari
Cheibriados
Elyvilon
Gozag
Hepliaklqana
Kikubaaqudgha
Makhleb
Nemelex Xobeh
Sif Muna
Trog
Uskayaw
Vehumet
Wu Jian
Zin


Innate Abilities, Weirdness & Mutations

You are too large for most types of armour.
You have claws for hands.
Your metabolism is lightning-fast.
You like to eat raw meat.
Your natural rate of healing is unusually fast.
You are covered in fur. (AC +1)
You have extremely tough skin. (AC +3)


Message History

Unknown command.
You scratch the orc warrior but do no damage.
The orc warrior is severely wounded.
The orc warrior misses you. The howler monkey zombie hits you.
* * * LOW HITPOINT WARNING * * *
The orc hits you but does no damage.
Unknown command.
You closely miss the orc warrior.
The orc warrior is severely wounded.
The orc warrior hits you with a +0 short sword!
* * * LOW HITPOINT WARNING * * *
The howler monkey zombie hits you.
* * * LOW HITPOINT WARNING * * *
The orc misses you.
You barely miss the orc warrior. Your claw misses the orc warrior.
The orc warrior is severely wounded.
The howler monkey zombie hits you.
* * * LOW HITPOINT WARNING * * *
The orc warrior hits you with a +0 short sword!
You die...

# . ####.# ..
#... .## .#
#...#..## .#
###....#..#.#
......Z....#
.)....o@<#
......o!..#
###....#.##
#..?#.## #..!
. .......
####. ..
#.##.


You could see an orc warrior, an orc and a howler monkey zombie.

Vanquished Creatures
  Grinder (D:4)
  Edmund (D:4)
  Menkaure (D:6)
  A water moccasin (D:6)
  An orc warrior (D:7)
  A phantom (D:5)
  2 black bears
  2 centaurs
  A big kobold (D:7)
  A bullfrog (D:7)
  5 scorpions
  3 killer bees (D:7)
  4 wights (D:7)
  5 crimson imps
  A jelly (D:7)
  2 orc priests
  A centaur skeleton (D:4)
  2 hounds
  A bullfrog skeleton (D:5)
  2 iguanas (D:4)
  An orc wizard (D:6)
  9 worker ants
  Robin (D:4)
  10 adders
  3 adder skeletons
  An adder zombie (D:6)
  3 worms
  3 dart slugs
  5 leopard geckos
  18 orcs
  A ball python (D:3)
  6 giant cockroaches
  9 goblins
  12 hobgoblins
  2 jackals (D:1)
  3 quokkas
  7 bats
  7 frilled lizards
  A jackal skeleton (D:3)
  15 kobolds
  A leopard gecko zombie (D:7)
  3 rats
159 creatures vanquished.

Notes
Turn   | Place    | Note
-------+----------+-------------------------------------------
     0 | D:1      | PikkenKukken the Troll Earth Elementalist began the quest
                  | for the Orb.
     0 | D:1      | Reached XP level 1. HP: 16/16 MP: 1/1
   136 | D:1      | Reached XP level 2. HP: 24/24 MP: 2/2
   183 | D:1      | Reached skill level 1 in Unarmed Combat
   726 | D:1      | Reached XP level 3. HP: 32/32 MP: 1/3
   985 | D:2      | Noticed a +0 hand axe
   985 | D:2      | Noticed a +0 dagger
   987 | D:2      | Found a hide-covered altar of Uskayaw.
  1066 | D:2      | Reached skill level 1 in Throwing
  1151 | D:2      | Found a burning altar of Makhleb.
  1158 | D:2      | Found a glowing silver altar of Zin.
  1158 | D:2      | Noticed an angel
  1159 | D:2      | Noticed a blizzard demon
  1196 | D:2      | Reached skill level 1 in Fighting
  1215 | D:2      | Reached skill level 2 in Unarmed Combat
  1536 | D:3      | Found a sparkling altar of Nemelex Xobeh.
  1567 | D:3      | Reached XP level 4. HP: 36/41 MP: 0/4
  2523 | D:4      | Reached XP level 5. HP: 39/48 MP: 3/5
  2558 | D:4      | Reached skill level 3 in Unarmed Combat
  2706 | D:4      | Reached XP level 6. HP: 54/57 MP: 6/6
  2833 | D:4      | Noticed Robin
  2860 | D:4      | Killed Robin
  3425 | D:4      | Reached skill level 4 in Unarmed Combat
  3482 | D:4      | Noticed Grinder
  3482 | D:4      | Paralysed by Grinder for 7 turns
  3490 | D:4      | Paralysed by Grinder for 7 turns
  3501 | D:4      | Paralysed by Grinder for 5 turns
  3519 | D:4      | Killed Grinder
  3519 | D:4      | Reached XP level 7. HP: 44/66 MP: 4/7
  3635 | D:4      | Found a staircase to the Ecumenical Temple.
  3655 | Temple   | Entered the Ecumenical Temple
  3887 | D:5      | Entered Level 5 of the Dungeon
  3887 | D:5      | Noticed Edmund
  3910 | D:4      | Killed Edmund
  3910 | D:4      | Reached skill level 5 in Unarmed Combat
  4151 | D:5      | Reached XP level 8. HP: 75/75 MP: 8/8
  4278 | D:5      | Reached skill level 6 in Unarmed Combat
  4330 | D:5      | You fall through a shaft!
  4591 | D:6      | Found a snail-covered altar of Cheibriados.
  5138 | D:6      | Noticed Menkaure
  5147 | D:6      | Killed Menkaure
  5301 | D:6      | Reached skill level 7 in Unarmed Combat
  5788 | D:7      | Reached XP level 9. HP: 51/84 MP: 5/9
  6411 | D:7      | Reached skill level 8 in Unarmed Combat
  6412 | D:7      | Reached skill level 5 in Dodging
  6426 | D:7      | Reached skill level 5 in Throwing
  7096 | D:8      | Slain by an orc warrior

Skill      XL: |  1  2  3  4  5  6  7  8  9 |
---------------+----------------------------+-----
Unarmed Combat | 1 2 3 4 5 7 8 |  8.1
Dodging        | 2 3 4 5 |  5.0
Throwing       | 1 2 3 4 5 |  5.0
Fighting       | 1 2 3 4 |  4.5
Stealth        | |  1.0
Spellcasting   | |  1.2
Transmutations | |  0.6
Earth Magic    | |  2.6

Action                   |  1- 3 |  4- 6 |  7- 9 || total
-------------------------+-------+-------+-------++-------
Melee: Unarmed           |    96 |   166 |   308 ||   570
       Punch             |     2 |     5 |    10 ||    17
Throw: Tomahawk          |       |     5 |    14 ||    19
 Cast: Sandblast         |     2 |     2 |       ||     4
  Use: Scroll            |     6 |     2 |     6 ||    14
       Potion            |       |     3 |       ||     3
 Stab: Sleeping          |       |     3 |     3 ||     6
  Eat: Chunk             |    20 |    16 |    31 ||    67
Armor: Robe              |    29 |    61 |    82 ||   172
Dodge: Dodged            |    57 |    80 |   186 ||   323
